 Dungeon Crawl Stone Soup version 0.13-a0-2484-gc765b08 (webtiles) character file.

166 Rycklaryybbe the Ducker (level 3, -1/24 HPs)
             Began as a Kobold Berserker on July 20, 2013.
             Was a Believer of Trog.
             Killed by divine providence
             ... invoked by an orc priest
              (8 damage)
             ... on Level 3 of the Dungeon.
             The game lasted 00:03:18 (1392 turns).

Rycklaryybbe the Ducker (Kobold Berserker)          Turns: 1392, Time: 00:03:18

HP  -1/24        AC  3     Str 17      XL: 3   Next: 25%
MP   2/2         EV 16     Int  5      God: Trog [**....]
Gold 139         SH  0     Dex 14      Spells:  0 memorised,  2 levels left

Res.Fire  : . . .   See Invis. : .   a - +0 short sword
Res.Cold  : . . .   Warding    : .   o - +0 robe (curse)
Life Prot.: . . .   Conserve   : .   (no shield)
Res.Poison: .       Res.Corr.  : .   (no helmet)
Res.Elec. : .       Clarity    : .   q - +0 elf cloak
Sust.Abil.: . .     Spirit.Shd : .   (no gloves)
Res.Mut.  : .       Stasis     : .   (no boots)
Res.Rott. : .       Flight     : .   (no amulet)
Saprovore : + + .                    (no ring)
                                     f - cursed ring of hunger

@: regenerating, quite resistant to hostile enchantments, fairly stealthy
A: disease resistance, carnivore 3, saprovore 2
a: Burn Spellbooks, Berserk, Trog's Hand, Renounce Religion


You were on level 3 of the Dungeon.
You worshipped Trog.
Trog was most pleased with you.
You were near starving.

You visited 1 branch of the dungeon, and saw 3 of its levels.

You collected 119 gold pieces.

Inventory:

Hand weapons
 a - a +0,+0 short sword (weapon)
 i - a +3,+2 dwarven dagger (quivered)
 l - a +2,+5 orcish spear
Armour
 b - a +0 animal skin
 j - a +0 elven leather armour
 o - a cursed +0 robe (worn)
 p - a +1 robe
 q - a +0 elven cloak (worn)
Comestibles
 c - a meat ration
Scrolls
 d - a scroll of identify {unknown}
 e - 2 scrolls of enchant weapon II {unknown}
 k - a scroll of fog {unknown}
 n - a scroll of curse weapon {unknown}
 r - a scroll of amnesia {unknown}
Jewellery
 f - a cursed ring of hunger (left hand)
 m - an uncursed amulet of resist mutation {unknown}
Potions
 g - 5 potions of curing {unknown}
 h - 2 potions of heal wounds {unknown}


   Skills:
 - Level 3.2 Fighting
 - Level 4.0 Short Blades
 - Level 1.5 Armour
 + Level 4.2 Dodging


You had 2 spell levels left.
You didn't know any spells.

Dungeon Overview and Level Annotations

Branches:
Dungeon (3/27)

Altars:


Innate Abilities, Weirdness & Mutations

You recuperate from illness quickly.
You are small and have problems with some larger weapons.
You are carnivorous and can eat meat at any time.
You can eat rotten meat.


Message History

The orc priest is moderately wounded.
You barely miss the orc priest.
The orc priest is moderately wounded.
The orc priest hits you.
* * * LOW HITPOINT WARNING * * *
An orc comes into view. It is wielding a glowing orcish hammer.
You hit the orc priest.
The orc priest is severely wounded.
The orc priest hits you but does no damage.
The orc moves out of view.
You barely miss the orc priest.
The orc priest is severely wounded.
The orc wizard gestures wildly while chanting.
You feel troubled. The orc priest hits you.
* * * LOW HITPOINT WARNING * * *
You hit the orc priest but do no damage.
The orc priest is severely wounded.
The orc priest mumbles some strange prayers to Beogh against you.
Something smites you!
You die...

. ..%
#...###########
+.........oo@.#
#.........###.#
...........#
#.# ##........#
#.# #........#
#.# .....o....#
#.# ..........#
#.# ......#####
#.# .o...
#.#########


You could see an orc priest and an orc wizard.

Vanquished Creatures
  3 giant geckos
  A giant cockroach (D:1)
  7 goblins
  3 hobgoblins
  2 kobolds
  An ooze (D:2)
  3 giant newts
  4 rats
24 creatures vanquished.

Notes
Turn   | Place    | Note
--------------------------------------------------------------
     0 | D:1      | Rycklaryybbe, the Kobold Berserker, began the quest for the Orb.
     0 | D:1      | Reached XP level 1. HP: 14/14 MP: 0/0
   439 | D:1      | Reached XP level 2. HP: 19/19 MP: 1/1
   802 | D:2      | Acquired Trog's second power
   840 | D:2      | Reached XP level 3. HP: 17/24 MP: 2/2
  1392 | D:3      | Killed from afar by an orc priest

Action                   || total
-------------------------++-------
Melee: Short sword       ||    31
       Dagger            ||    12
       Spear             ||    27
Invok: Trog's Hand       ||     1
 Stab: Sleeping          ||     3
